 Dungeon Crawl Stone Soup version 0.29.1-1-gd02db6906a (webtiles) character file.

Game seed: 6450824062480921704

18549 DemonSlayer the Thaumaturge (level 12, -4/80 HPs)
             Began as a Demonspawn Fire Elementalist on Sept 17, 2022.
             Was the Champion of Jiyva.
             Slain by a tyrant leech (24 damage)
             ... on level 3 of the Lair of Beasts.
             The game lasted 00:36:32 (13203 turns).

DemonSlayer the Thaumaturge (DsFE)                 Turns: 13203, Time: 00:36:32

Health: -4/80      AC: 11    Str: 10    XL:     12   Next: 28%
Magic:  22/28      EV: 11    Int: 21    God:    Jiyva [******]
Gold:   505        SH:  8    Dex: 13    Spells: 9/35 levels left

rFire   + + +      SeeInvis +   h - +4 dagger (speed)
rCold   + . .      Faith    .   (no shield)
rNeg    . . .      Spirit   .   B - +1 ring mail {Will+}
rPois   +          Reflect  .   (no helmet)
rElec   .          Harm     .   v - +0 cloak
rCorr   +          Rampage  .   a - +0 pair of gloves "Vallozuo" {rF++ rC+}
Will    +....                   (no boots)
Stlth   +++.......              u - amulet of the acrobat
HPRegen 1.83/turn               k - ring of protection from fire
MPRegen 0.71/turn               (no ring)

@: mighty, hasted, very quick
A: claws 2, yellow scales 2, demonic guardian 2, demonic magic 1, hooves 1,
large bone plates 3, poison resistance, eyeballs 3, jelly absorbing missiles
a: Renounce Religion, Oozemancy, Slimify


You were on level 3 of the Lair of Beasts.
You worshipped Jiyva.
Jiyva was exalted by your worship.
You visited 2 branches of the dungeon, and saw 13 of its levels.
You also visited: Sewer, Ossuary and Bailey.

You collected 505 gold pieces.

Inventory:

Hand Weapons
 h - a +4 dagger of speed (weapon)
Armour
 a - the +0 pair of gloves "Vallozuo" (worn) {rF++ rC+}
   (You acquired it on level 8 of the Dungeon)

   rF:        It greatly protects you from fire.
   rC:        It protects you from cold.
 v - a +0 cloak (worn)
 B - a +1 ring mail of willpower (worn)
Jewellery
 k - a ring of protection from fire (left hand)
 u - an amulet of the acrobat (around neck)
Wands
 d - a wand of digging (6)
 p - a wand of flame (6)
 w - a wand of paralysis (8)
 x - a wand of quicksilver (2)
 y - a wand of mindburst (8)
Scrolls
 f - 5 scrolls of teleportation
 g - 4 scrolls of identify
 i - 2 scrolls of blinking
 m - a scroll of magic mapping
 n - 4 scrolls of vulnerability
 r - a scroll of fear
 A - a scroll of enchant weapon
 C - a scroll of silence
Potions
 b - 3 potions of brilliance
 c - a potion of haste
 e - a potion of ambrosia
 l - 2 potions of attraction
 o - 5 potions of resistance
 q - 4 potions of curing
 s - 3 potions of heal wounds
 t - a potion of mutation
 z - 2 potions of magic


   Skills:
 + Level 2.5 Fighting
 + Level 3.3 Short Blades
 + Level 3.9 Dodging
 + Level 8.0 Stealth
 + Level 1.8 Shields
 + Level 0.1 Unarmed Combat
 + Level 12.4 Spellcasting
 + Level 2.4 Conjurations
 + Level 11.0 Fire Magic
 + Level 0.3 Evocations


You had 9 spell levels left.
You knew the following spells:

 Your Spells              Type           Power      Damage    Failure   Level
a - Foxfire               Conj/Fire      100%       2x1d9     1%          1
b - Scorch                Fire           100%       2d10      1%          2
c - Conjure Flame         Conj/Fire      41%        6-21      2%          3
d - Flame Wave            Conj/Fire      41%        2d11      9%          4
e - Eringya's Noxious Bo  Tmut/Pois      6%         N/A       100%        6
f - Alistair's Intoxicat  Tmut/Pois      8%         N/A       98%         5
g - Borgnjor's Vile Clut  Necr/Erth      6%         N/A       98%         5

Your spell library contained the following spells:

 Spells                   Type           Power      Damage    Failure   Level
 Inner Flame              Hex/Fire       36%        N/A       4%          3
 Sublimation of Blood     Necr           13%        N/A       21%         2
 Gell's Gravitas          Tloc           13%        N/A       36%         3
 Lesser Beckoning         Tloc           13%        N/A       36%         3
 Teleport Other           Tloc           13%        N/A       36%         3
 Petrify                  Tmut/Erth      13%        N/A       78%         4
 Irradiate                Conj/Tmut      9%         3d14      92%         5


Dungeon Overview and Level Annotations

Branches:
Dungeon (10/15)            Temple (0/1) D:4            Lair (3/5) D:10
  Swamp (0/4) Lair:3          Orc (0/2) D:10          Sewer (visited)
Ossuary (visited)          Bailey (visited)
  Snake: Lair:2-3    Spider: Lair:2-3

Altars:
Ashenzari
Cheibriados
Dithmenos
Gozag
Kikubaaqudgha
Uskayaw
Vehumet
Wu Jian
Xom

Shops:
D:6 [


Innate Abilities, Weirdness & Mutations

You have very sharp fingernails.
You are mostly covered in yellow scales. (AC +3)
A demonic guardian rushes to your aid.
Spells you cast may paralyse adjacent enemies.
You have large cloven feet.
You are completely covered in large bone plates. (SH +8)
Your system is resistant to poisons. (rPois)
Your body is covered in eyes which may confuse attackers. (Acc +7, SInv)
You have a small jelly attached to you that may absorb projectiles.


Message History

You hear a distant slurping noise.
You block the tyrant leech's attack.
Your Stealth skill increases to level 8!
Found a staircase to the Swamp.
Flames lash the tyrant leech.
The tyrant leech is lightly wounded.
The tyrant leech's fire resistance burns away.
Malevolent energies surge around you. The swamp worm bites you!
Flames lash the tyrant leech.
The tyrant leech is burned terribly!
The tyrant leech is moderately wounded.
Malevolent energies surge around you. You block the swamp worm's attack.
The tyrant leech bites you!
The tyrant leech draws strength from your injuries!
You are too injured to fight recklessly!
You feel yourself speed up.
The swamp worm bites you but does no damage.
The tyrant leech bites you but does no damage.
You block the swamp worm's attack.
The eyeballs on your body gaze at the swamp worm.
You feel very mighty all of a sudden. The tyrant leech closely misses you.
You puncture the tyrant leech! Your kick misses the tyrant leech.
The tyrant leech is moderately wounded.
You miss the tyrant leech. Your kick misses the tyrant leech.
The tyrant leech is moderately wounded.
You barely miss the tyrant leech. You kick the tyrant leech.
The tyrant leech is heavily wounded.
The tyrant leech bites you!!
* * * LOW HITPOINT WARNING * * *
You shudder from the blow and a jelly pops out!
The tyrant leech draws strength from your injuries!
You puncture the tyrant leech! Your kick misses the tyrant leech.
The tyrant leech is moderately wounded.
You miss the tyrant leech.
The tyrant leech is moderately wounded.
Your rockslime hits the tyrant leech but does no damage.
You hit the tyrant leech. Your kick misses the tyrant leech.
The tyrant leech is heavily wounded.
The tyrant leech bites you!!
You die...

#...# #####
##.....†.
##.######
#.......
##.# #.P#
#....###
##.'###P.##
##...#.##
#.........#
#.....<.#
##........#
###......
+...J...##
#~≈~≈≈≈
.#....w..+
#≈~≈≈~≈
........@.#
#~≈≈~~≈)
###!...♣♣.♣
#≈≈≈≈≈≈~
#...♣♣ w♣
≈~≈)≈≈)#
#...♣ §§
≈≈#.._..#
#### §§≈
§§♣♣ ♣§♣ ♣♣


You could see a tyrant leech (combustible, ally target), a swamp worm (confused)
and a friendly rockslime (summoned).

Vanquished Creatures
  The ghost of turdburglar the Brawler, a journeyman TrMo of Wu Jian (Lair:1)
  A hydra (Lair:2)
  Nergalle (D:10)
  An orc knight (Bailey)
  4 black mambas
  3 cane toads (Lair:1)
  A gargoyle (D:9)
  3 rime drakes (Lair:1)
  An unseen horror (D:10)
  A komodo dragon (Lair:1)
  2 polar bears (Lair:2)
  4 blink frogs (Lair:1)
  22 yaks
  A vampire (D:10)
  5 wyverns
  2 basilisks
  Grum (D:8)
  5 steam dragons
  3 vampire mosquitoes (D:10)
  2 swamp worms (Lair:3)
  2 wargs (D:10)
  3 orc warriors
  5 water moccasins
  A sky beast (D:8)
  An ice beast (D:5)
  A boulder beetle simulacrum (Lair:1)
  10 wolves
  7 centaurs
  A kobold brigand (D:8)
  An elf zombie (D:5)
  A scorpion (D:5)
  2 necrophages
  7 bullfrogs
  4 wights (D:10)
  A blink frog simulacrum (Lair:1)
  8 killer bees
  6 howler monkeys
  An electric eel (D:7)
  A gnoll bouda (D:8)
  2 jellies (Sewer)
  3 orc priests
  Natasha (D:4)
  2 human skeletons (D:5)
  2 iguanas
  6 orc wizards
  A polar bear simulacrum (Lair:1)
  A yak simulacrum (Lair:1)
  11 mummies (Ossuary)
  8 gnolls
  2 adders
  A shadow imp (D:8)
  An ufetubus (D:6)
  A worm (D:2)
  11 dart slugs
  41 orcs
  9 ball pythons
  7 bats
  9 endoplasms
  4 giant cockroaches
  12 goblins
  8 hobgoblins
  3 jackals (D:3)
  10 kobolds
  4 quokkas
  4 frilled lizards
  2 gnoll skeletons (Ossuary)
  A goblin skeleton (Ossuary)
  2 kobold skeletons (Ossuary)
  3 orc skeletons
  2 orc zombies (D:5)
  7 rats
  11 rat skeletons (Ossuary)
319 creatures vanquished.

Vanquished Creatures (collateral kills)
  A komodo dragon (Lair:2)
  A blink frog (Lair:1)
  2 yaks
  A water moccasin (D:7)
  A centaur (D:7)
  An orc wizard (D:3)
  3 gnolls (Bailey)
  3 orcs
13 creatures vanquished.

Vanquished Creatures (others)
  A sky beast (D:7)
  A black bear (D:8)
  A wolf (D:8)
  A kobold brigand (D:10)
  2 bullfrogs
  2 scorpions
  A killer bee (D:9)
  A howler monkey (D:7)
  33 jellies
  An orc priest (D:8)
  Natasha (twice) (D:4)
  An iguana (D:3)
  2 orc wizards (D:5)
  A bullfrog simulacrum (Lair:1)
  A mummy (Ossuary)
  2 adders
  3 gnolls
  An endoplasm (D:4)
  9 orcs
  A bat (D:3)
  A goblin (D:4)
  2 hobgoblins (D:4)
  A jackal (D:4)
  A gnoll skeleton (Ossuary)
  2 kobolds
  148 foxfires
  23 fungi
  61 plants
306 creatures vanquished.

Grand Total: 638 creatures vanquished

Notes
Turn   | Place    | Note
-------+----------+-------------------------------------------
     0 | D:1      | DemonSlayer the Demonspawn Fire Elementalist began the
                  | quest for the Orb.
     0 | D:1      | Reached XP level 1. HP: 13/13 MP: 3/3
   419 | D:1      | Gained mutation: You are partially covered in yellow
                  | scales. (AC +2) [demonic ancestry]
   419 | D:1      | Reached XP level 2. HP: 19/19 MP: 0/5
   422 | D:1      | Learned a level 2 spell: Scorch
  1445 | D:2      | Gained mutation: A weak demonic guardian rushes to your
                  | aid. [demonic ancestry]
  1445 | D:2      | Reached XP level 3. HP: 24/24 MP: 3/6
  2286 | D:2      | Learned a level 3 spell: Conjure Flame
  2455 | D:3      | Found a glowing drain.
  2522 | Sewer    | Entered a sewer
  2541 | Sewer    | Gained mutation: A demonic guardian rushes to your aid.
                  | [demonic ancestry]
  2541 | Sewer    | Reached XP level 4. HP: 30/30 MP: 5/8
  2711 | Sewer    | Reached skill level 3 in Spellcasting
  2745 | Sewer    | Reached XP level 5. HP: 28/35 MP: 0/10
  2840 | Sewer    | Found a viscous altar of Jiyva.
  2856 | Sewer    | Became a worshipper of Jiyva Juhi the Shapeless
  3842 | D:3      | Learned a level 4 spell: Flame Wave
  3893 | D:4      | Found a staircase to the Ecumenical Temple.
  4113 | D:4      | Noticed Natasha
  4125 | D:4      | Killed Natasha
  4356 | D:4      | Killed Natasha
  4446 | D:4      | Killed Natasha
  4763 | D:4      | Reached skill level 4 in Spellcasting
  4763 | D:4      | Reached XP level 6. HP: 41/41 MP: 6/12
  4972 | D:5      | Entered Level 5 of the Dungeon
  4983 | D:5      | Reached * piety under Jiyva
  5013 | D:5      | Noticed an ice beast
  5019 | D:5      | Killed an ice beast
  5066 | D:5      | Noticed a steam dragon
  5084 | D:5      | Killed a steam dragon
  5085 | D:5      | Reached skill level 5 in Fire Magic
  5085 | D:5      | Reached XP level 7. HP: 40/47 MP: 1/14
  5089 | D:5      | Reached skill level 5 in Spellcasting
  5138 | D:5      | Found a sand-covered staircase.
  5148 | Ossuary  | Entered an ossuary
  5920 | D:5      | Reached ** piety under Jiyva
  6269 | D:6      | Reached skill level 6 in Spellcasting
  6339 | D:6      | Found Qesison's Armour Shop.
  6688 | D:6      | Found a snail-covered altar of Cheibriados.
  6737 | D:6      | Found an ornate altar of the Wu Jian Council.
  6815 | D:7      | Noticed a steam dragon
  6819 | D:7      | Killed a steam dragon
  6820 | D:7      | Gained mutation: Spells you cast may paralyse adjacent
                  | enemies. [demonic ancestry]
  6820 | D:7      | Reached XP level 8. HP: 39/53 MP: 10/17
  7199 | D:7      | Reached *** piety under Jiyva
  7205 | D:7      | Reached skill level 7 in Spellcasting
  7310 | D:7      | Gained mutation: You have large cloven feet. [Jiyva's
                  | grace]
  7310 | D:7      | Gained mutation: You have hoof-like feet. [Jiyva's grace]
  7310 | D:7      | Gained mutation: You have hooves in place of feet. [Jiyva's
                  | grace]
  7310 | D:7      | Gained mutation: Armour fits poorly on your pseudopods.
                  | [Jiyva's grace]
  7640 | D:7      | Reached XP level 9. HP: 55/58 MP: 12/20
  7666 | D:7      | Reached skill level 8 in Spellcasting
  7961 | D:8      | Found a flagged portal.
  7981 | Bailey   | Entered a bailey
  8300 | Bailey   | Noticed an orc knight
  8315 | Bailey   | Killed an orc knight
  8316 | Bailey   | Reached skill level 1 in Fighting
  8316 | Bailey   | Reached skill level 1 in Short Blades
  8747 | D:8      | Reached **** piety under Jiyva
  8911 | D:8      | Noticed Grum
  8920 | D:8      | Reached skill level 9 in Spellcasting
  8923 | D:8      | Killed Grum
  8925 | D:8      | Reached skill level 5 in Stealth
  8962 | D:8      | Found a broken altar of Ashenzari.
  8964 | D:8      | Found a radiant altar of Vehumet.
  8966 | D:8      | Found a shadowy altar of Dithmenos.
  8966 | D:8      | Found a shimmering altar of Xom.
  8967 | D:8      | Found a hide-covered altar of Uskayaw.
  8967 | D:8      | Found an ancient bone altar of Kikubaaqudgha.
  8967 | D:8      | Found an opulent altar of Gozag.
  9561 | D:8      | Identified a scroll of acquirement
  9561 | D:8      | Acquired the +0 pair of gloves "Vallozuo" {rF++ rC+}
  9640 | D:9      | Gained mutation: You are mostly covered in yellow scales.
                  | (AC +3) [demonic ancestry]
  9640 | D:9      | Reached XP level 10. HP: 66/66 MP: 20/23
  9825 | D:9      | Noticed a gargoyle
  9829 | D:9      | Killed a gargoyle
 10155 | D:9      | Lost mutation: You have hooves in place of feet. [Jiyva's
                  | grace]
 10155 | D:9      | Lost mutation: Armour fits poorly on your pseudopods.
                  | [Jiyva's grace]
 10155 | D:9      | Gained mutation: You are partially covered in large bone
                  | plates. (SH +4) [Jiyva's grace]
 10155 | D:9      | Gained mutation: You are mostly covered in large bone
                  | plates. (SH +6) [Jiyva's grace]
 10155 | D:9      | Gained mutation: You are completely covered in large bone
                  | plates. (SH +8) [Jiyva's grace]
 10155 | D:9      | Gained mutation: You have a small jelly attached to you
                  | that may absorb projectiles. [Jiyva's grace]
 10294 | D:10     | Entered Level 10 of the Dungeon
 10296 | D:10     | Found a staircase to the Orcish Mines.
 10324 | D:10     | Noticed Nergalle
 10335 | D:10     | Killed Nergalle
 10372 | D:10     | Reached skill level 10 in Spellcasting
 10493 | D:10     | Found a staircase to the Lair.
 10494 | D:10     | Reached ***** piety under Jiyva
 11166 | D:10     | Learned a level 6 spell: Eringya's Noxious Bog
 11172 | D:10     | Learned a level 5 spell: Alistair's Intoxication
 11178 | D:10     | Learned a level 5 spell: Borgnjor's Vile Clutch
 11231 | Lair:1   | Entered Level 1 of the Lair of Beasts
 11282 | Lair:1   | Gained mutation: You have sharp fingernails. [demonic
                  | ancestry]
 11282 | Lair:1   | Reached XP level 11. HP: 60/72 MP: 20/25
 11296 | Lair:1   | Reached skill level 1 in Shields
 11302 | Lair:1   | Reached skill level 11 in Spellcasting
 11556 | Lair:1   | Found a runed translucent gate.
 11556 | Lair:1   | Found a runed translucent gate.
 11556 | Lair:1   | Found a runed translucent gate.
 11656 | Lair:1   | Reached skill level 10 in Fire Magic
 11754 | Lair:1   | Noticed turdburglar's ghost (journeyman TrMo)
 12254 | Lair:1   | Killed turdburglar's ghost
 12310 | Lair:1   | Got the ring of the Final Decision {Fire Contam Int+4
                  | Dex+3}
 12386 | Lair:2   | Noticed a five-headed hydra
 12392 | Lair:2   | Killed a five-headed hydra
 12393 | Lair:2   | Reached skill level 12 in Spellcasting
 12393 | Lair:2   | Gained mutation: You have very sharp fingernails. [demonic
                  | ancestry]
 12393 | Lair:2   | Reached XP level 12. HP: 58/78 MP: 11/28
 12500 | Lair:2   | Lost mutation: You have hoof-like feet. [Jiyva's grace]
 12500 | Lair:2   | Gained mutation: Your body has grown eyes which may confuse
                  | attackers. (Acc +3) [Jiyva's grace]
 12500 | Lair:2   | Gained mutation: Your body has grown many eyes which may
                  | confuse attackers. (Acc +5) [Jiyva's grace]
 12500 | Lair:2   | Gained mutation: Your body is covered in eyes which may
                  | confuse attackers. (Acc +7, SInv) [Jiyva's grace]
 12500 | Lair:2   | Gained mutation: Your system is resistant to poisons.
                  | (rPois) [Jiyva's grace]
 12607 | Lair:2   | Reached ****** piety under Jiyva
 13125 | Lair:3   | Found a shimmering altar of Xom.
 13193 | Lair:3   | Found a staircase to the Swamp.
 13203 | Lair:3   | Slain by a tyrant leech

Illustrated notes

Levels and vault maps discovered:
D:1:      shiori_arrival_maze, layout_rooms
D:2:      layout_basic
D:3:      layout_loops_cross, serial_bayou, serial_bayou_pond_d,
          serial_bayou_pond_d, serial_bayou_shore_b, serial_bayou_pond_a,
          serial_bayou_lake_a, serial_bayou_ford_a, portal_sewer_entry_d,
          chequers_hall_statues_wall_a, nicolae_figureground_sparkle
D:4:      layout_rooms, minmay_temple_entry_gardened_gates, st_stairs_1,
          minmay_distorted, uniq_natasha
D:5:      layout_cave_pools, nicolae_ossuary_entry_catacombs
D:6:      wad_pebble_path, layout_loops_ring,
          chequers_temple_overflow_statue_of_worship, serial_shops,
          kennysheep_mini_moat
D:7:      kennysheep_slugbush, layout_basic
D:8:      layout_basic, grunt_temple_overflow_open, enter_bailey_5, uniq_grum
D:9:      layout_loops_ring
D:10:     layout_small_grid, erik_lair_orcish_takeover, orc_0_dummy,
          kennysheep_generic_room_9, uniq_nergalle
Lair:1:   layout_regular_city, gammafunk_ghost_icy, grunt_megastairs_1
Lair:2:   layout_chaotic_city
Lair:3:   layout_roguey, minmay_swamp_entry_worms, spider_nest_entry_rubble,
          lemuel_centaur_altar

Skill      XL: |  1  2  3  4  5  6  7  8  9 10 11 12 |
---------------+-------------------------------------+-----
Fire Magic     | 3 4 5 6 7 8 9 10 11 | 11.0
Dodging        | 2 3 |  3.9
Spellcasting   | 3 4 6 7 9 10 12 | 12.4
Stealth        | 2 3 5 6 7 8 |  8.0
Fighting       | 1 2 |  2.5
Short Blades   | 1 2 3 |  3.3
Conjurations   | 2 |  2.4
Shields        | 1 |  1.8
Unarmed Combat | |  0.1
Evocations     | |  0.3

Action                   |  1- 3 |  4- 6 |  7- 9 | 10-12 || total
-------------------------+-------+-------+-------+-------++-------
Melee: Unarmed           |    28 |       |       |       ||    28
       Short sword       |     8 |       |       |       ||     8
       Punch             |     1 |     1 |     1 |     3 ||     6
       Dagger            |    14 |    38 |    75 |   127 ||   254
       Kick              |       |       |    10 |    34 ||    44
       Pseudopods        |       |       |     5 |     1 ||     6
 Cast: Foxfire           |    47 |       |    18 |    19 ||    84
       Scorch            |    24 |    60 |   168 |   195 ||   447
       Flame Wave        |       |       |     3 |     8 ||    11
Evoke: Wand              |       |       |     2 |     4 ||     6
  Use: Scroll            |     6 |       |    16 |     3 ||    25
       Potion            |       |     3 |     4 |     4 ||    11
 Stab: Sleeping          |     1 |     1 |     8 |     8 ||    18
       Paralysed         |       |       |    32 |    41 ||    73
       Confused          |       |       |       |     1 ||     1
Armor: Robe              |    28 |    15 |       |       ||    43
       Steam dragon scal |       |       |    26 |    36 ||    62
       Ring mail         |       |       |       |     4 ||     4
Dodge: Dodged            |    45 |    25 |   111 |   104 ||   285
Block: Other             |       |       |       |    64 ||    64
